 Dungeon Crawl Stone Soup version 0.16-a0-2984-g889390b (webtiles) character file.

130056 Chiseanne the Imperceptible (level 16, -14/69 HPs)
             Began as a Spriggan Assassin on Dec 5, 2014.
             Was the Champion of Okawaru.
             Killed from afar by Nikola (19 damage)
             ... with a chain lightning
             ... on level 4 of the Spider Nest.
             The game lasted 04:20:19 (48514 turns).

Chiseanne the Imperceptible (Spriggan Assassin)    Turns: 48514, Time: 04:20:19

Health: -14/69     AC: 24    Str: 14    XL:     16   Next: 52%
Magic:  30/30      EV: 38    Int: 18    God:    Okawaru [******]
Gold:   1830       SH: 11    Dex: 23    Spells: 5 memorised, 7 levels left

rFire  + . .     SeeInvis +     g - +2 short sword (venom) {god gift}
rCold  . . .     Clarity  .     S - +5 swamp dragon armour of Kiomuybu {rPois rF+ rCorr Stlth+}
rNeg   . . .     SustAb   .     y - +2 buckler "Bluivub" {Str+3 Int+1}
rPois  +         Gourm    .     W - +2 hat {Int+3}
rElec  .         Spirit   .     R - +2 cloak
rCorr  +         Warding  .     (gloves unavailable)
rMut   .         Stasis   .     (boots unavailable)
MR     ++...                    (no amulet)
Stlth  ++++++++++               E - +6 ring of protection
                                T - +4 ring of strength

@: very quick, very resistant to hostile enchantments, uncannily stealthy
A: unfitting armour, see invisible, herbivore 3, speed 3, slow metabolism 2
a: Heroism, Finesse, Renounce Religion


You were on level 4 of the Spider Nest.
You worshipped Okawaru.
Okawaru was exalted by your worship.
You were not hungry.

You visited 4 branches of the dungeon, and saw 31 of its levels.
You also visited: Labyrinth, Bailey and Ice Cave.

You collected 3498 gold pieces.
You spent 1668 gold pieces at shops.

Inventory:

Hand weapons
 a - a +9 dagger of protection
 d - a +5 dagger of electrocution
 f - a +2 dagger of freezing
 g - a +2 short sword of venom (weapon) {god gift}
 h - a +1 short sword of holy wrath {god gift}
 s - a +0 short sword of flaming
 w - a +0 blowgun
Missiles
 e - 68 poisoned needles
 n - 6 needles of sleeping
 o - 18 arrows
 v - 3 needles of confusion
 A - a throwing net
 G - 12 needles of paralysis
 N - 7 tomahawks (quivered)
 Q - 6 curare-tipped needles
Armour
 u - the +1 robe of Mumblety Peg {+Inv rCorr Stlth+}
   (You bought it in a shop on level 4 of the Orcish Mines)

   It lets you turn invisible.
   It protects you from acid and corrosion.
   It makes you more stealthy.
 y - the +2 buckler "Bluivub" (worn) {Str+3 Int+1}
   (You acquired it on level 6 of the Dungeon)

   It affects your strength (+3).
   It affects your intelligence (+1).
 R - a +2 cloak (worn)
 S - the +5 swamp dragon armour of Kiomuybu (worn) {rPois rF+ rCorr Stlth+}
   (You acquired it in a labyrinth)

   It protects you from fire.
   It protects you from poison.
   It protects you from acid and corrosion.
   It makes you more stealthy.
 W - a +2 hat of intelligence (worn)
Jewellery
 b - an uncursed ring of stealth
 t - the ring "Dezyox" {+Fly rN+, unknown}
   (You found it on level 2 of the Spider Nest)

   [ring of positive energy]

   It protects you from negative energy.
   It lets you fly.
 E - a +6 ring of protection (right hand)
 T - a +4 ring of strength (left hand)
 Z - an uncursed ring of flight
Magical devices
 k - a wand of draining (3)
 r - a wand of disintegration (17)
 K - a wand of teleportation (5)
Scrolls
 m - 11 scrolls of identify
 B - 7 scrolls of remove curse
 C - 6 scrolls of teleportation
 F - a scroll of fog
 M - 3 scrolls of magic mapping
 O - 2 scrolls of blinking
 U - 6 scrolls of fear
 X - a scroll of recharging
Potions
 c - 10 potions of curing
 j - 2 potions of cure mutation
 l - 8 potions of restore abilities
 p - 5 potions of haste
 q - a potion of berserk rage
 z - 4 potions of ambrosia
 D - a potion of might
 H - a potion of resistance
 I - 2 potions of invisibility
Miscellaneous
 V - a crystal ball of energy
Comestibles
 x - 15 bread rations
 J - 4 fruits
 L - a slice of pizza
 P - a royal jelly


   Skills:
 - Level 1.5 Fighting
 - Level 10.0 Short Blades
 - Level 2.1 Throwing
 * Level 3.3 Armour
 - Level 24.1 Dodging
 - Level 25.3 Stealth
 * Level 7.4 Shields
 - Level 6.0 Evocations


You had 7 spell levels left.
You knew the following spells:

 Your Spells              Type           Power        Failure   Level  Hunger
a - Apportation           Tloc           #.........   34%         1    ##.....
b - Summon Butterflies    Summ           #.......     34%         1    ##.....
c - Repel Missiles        Chrm/Air       #.....       50%         2    ###....
d - Blink                 Tloc           N/A          50%         2    ###....
e - Stoneskin             Trmt/Erth      #.......     50%         2    ###....


Dungeon Overview and Level Annotations

Branches:
Dungeon (15/15)            Temple (0/1) D:6            Lair (8/8) D:9
 Shoals (0/5) Lair:6       Spider (4/5) Lair:3        Slime (0/6) Lair:8
    Orc (4/4) D:10            Elf (0/3) Orc:4        Vaults (0/5) D:13
 Depths (0/5) D:15

Altars:
Ashenzari
Cheibriados
Dithmenos
Elyvilon
Fedhas
Gozag
Nemelex Xobeh
Okawaru
Sif Muna
Trog
Vehumet
Zin
Beogh

Shops:
D:10 [   D:14 [   Orc:4 ?[![:

Annotations:
Spider:4 Nikola


Innate Abilities, Weirdness & Mutations

You are tiny and cannot use many weapons and most armour.
You have supernaturally acute eyesight.
You are a herbivore.
You cover ground extremely quickly.
You need consume almost no food.


Message History

You barely miss Nikola.
Nikola is heavily wounded.
You hit Nikola.
Nikola is heavily wounded.
Nikola completely misses you.
You completely miss Nikola.
Nikola is heavily wounded.
You hit Nikola but do no damage.
Nikola is heavily wounded.
Nikola closely misses you.
You hit Nikola.
Nikola is heavily wounded.
Nikola mumbles some strange words.
You hear a mighty clap of thunder!
The lightning arc hits you!
The lightning arc hits Nikola.
The lightning arc hits you!
Ouch! That really hurt!
* * * LOW HITPOINT WARNING * * *
The lightning arc hits Nikola.
The lightning arc hits you!
You die...

##.....##...#.^..##.^#
#^.#..##^.##..###....#
#..######.^#...#..#..#
##.....^#.......#.#..#
#..#.#.....##..####..#
##...#.###......# ^.#
##.##^....#.#### ..#
#######..#.#@#####..
#...#^@†.....#.
#####..#...^... #...#
#.#./ ^....# # ##..###
###


You could see Nikola.

Vanquished Creatures
  A fire giant (D:15)
  Maud (Lair:6)
  3 emperor scorpions
  A stone giant (Orc:4)
  Azrael (Spider:1)
  A minotaur (Lab)
  A fire dragon (D:14)
  4 vault guards (D:13)
  Fannar (D:10)
  9 hydras
  Erica (D:14)
  A tengu warrior (D:12)
  3 centaur warriors
  A deep troll shaman (Lair:8)
  An orc high priest (Orc:4)
  4 death yaks
  A fire crab (D:14)
  8 skeletal warriors
  2 wizards
  5 hill giants
  21 orb spiders
  5 orc sorcerers
  25 wolf spiders
  2 manticores
  4 griffons
  2 orc knights
  5 ugly things
  3 centaur zombies
  3 elephants (Lair:8)
  Maurice (D:9)
  A cyclops (D:15)
  2 black mambas
  A queen ant (Lair:5)
  2 gargoyles (D:13)
  A torpor snail (Lair:7)
  5 spiny frogs
  Psyche (D:9)
  6 komodo dragons
  6 yaktaurs
  9 demonic crawlers
  A fire drake (Lair:3)
  15 jumping spiders
  A tengu conjurer (D:12)
  An efreet (D:15)
  A hydra zombie (D:15)
  3 trolls
  13 polar bears
  3 ravens (D:12)
  12 blink frogs
  A freezing wraith (D:14)
  2 two-headed ogres
  2 basilisks
  3 boulder beetles
  12 slime creatures
  2 trapdoor spiders
  A spriggan (Lair:7)
  19 tarantellas
  6 deep elf magi
  2 water elementals (D:13)
  3 shadows
  A wyvern (D:15)
  9 redbacks
  2 wraiths
  Eustachio (D:9)
  Grum (D:10)
  4 vampire mosquitoes (D:14)
  46 yaks
  4 fire elementals (Spider:1)
  26 wolves
  8 hippogriffs
  2 hungry ghosts
  5 wargs
  3 deep elf fighters
  5 soldier ants (Lair:5)
  15 water moccasins
  17 spiders
  A hell hound (Spider:1)
  6 black bears
  2 phantoms
  7 ice beasts
  27 orc warriors
  8 porcupines
  11 ogres
  A slave (D:9)
  6 sky beasts
  24 centaurs
  An eye of draining (D:12)
  A dwarf (D:9)
  3 big kobolds
  3 boring beetles
  Sigmund (D:3)
  Duvessa (D:7)
  2 gnoll sergeants
  18 crocodiles
  A brain worm (Lair:7)
  14 giant frogs
  A wyvern zombie (D:10)
  34 scorpions
  A wyvern skeleton (D:14)
  13 wights
  10 killer bees
  A quasit (D:13)
  A giant frog zombie (D:8)
  9 crimson imps
  8 electric eels
  2 goliath beetles (Lair:3)
  32 orc priests
  4 jellies
  Dowan (D:7)
  5 centaur skeletons
  8 hounds
  2 giant frog skeletons
  12 iguanas
  16 worker ants
  Natasha (thrice) (D:6)
  51 orc wizards
  19 sheep
  Ijyb (D:3)
  A hound skeleton (D:11)
  A hound zombie (D:9)
  Robin (D:3)
  14 gnolls
  37 river rats
  22 adders
  4 shadow imps
  9 giant mites
  3 worms
  2 adder zombies
  5 orc zombies (Orc:4)
  2 adder skeletons
  3 orc skeletons (Orc:4)
  6 giant geckos
  An ooze (D:4)
  197 orcs
  A ball python (D:1)
  A bat skeleton (D:4)
  9 giant cockroaches
  26 hobgoblins
  7 jackals
  10 quokkas
  20 bats
  A giant gecko zombie (D:6)
  6 giant newts
  3 giant spores
  25 goblins
  A jackal skeleton (D:6)
  27 kobolds
  16 rats
  4 ballistomycetes (D:12)
  18 fungi
  6 plants
1268 creatures vanquished.

Vanquished Creatures (collateral kills)
  A polar bear (IceCv)
  A yak (IceCv)
  A goblin (D:7)
3 creatures vanquished.

Vanquished Creatures (others)
  A wolf spider (Spider:1)
  A deep elf priest (Bailey)
  A redback (Spider:1)
  7 yaks (IceCv)
  4 wolves (IceCv)
  A giant spore (D:12)
  2 ballistomycetes (D:12)
  7 fungi
  7 plants
31 creatures vanquished.

Grand Total: 1302 creatures vanquished

Notes
Turn   | Place    | Note
--------------------------------------------------------------
     0 | D:1      | Chiseanne, the Spriggan Assassin, began the quest for the Orb.
     0 | D:1      | Reached XP level 1. HP: 10/10 MP: 2/2
    52 | D:1      | Reached skill level 6 in Stealth
   348 | D:1      | Reached XP level 2. HP: 11/14 MP: 4/4
   481 | D:1      | Reached XP level 3. HP: 18/18 MP: 6/6
   657 | D:1      | Reached skill level 7 in Stealth
  1136 | D:2      | Found an iron altar of Okawaru.
  1379 | D:2      | Became a worshipper of Warmaster Okawaru
  1505 | D:2      | Found a shadowy altar of Dithmenos.
  1595 | D:2      | Reached XP level 4. HP: 14/22 MP: 8/8
  2426 | D:3      | Noticed Ijyb
  2430 | D:3      | Killed Ijyb
  2430 | D:3      | Reached skill level 8 in Stealth
  2551 | D:3      | Reached XP level 5. HP: 23/25 MP: 10/10
  2677 | D:3      | Found a radiant altar of Vehumet.
  2965 | D:3      | Noticed Robin
  3009 | D:3      | Killed Robin
  3066 | D:3      | Noticed Sigmund
  3090 | D:3      | Killed Sigmund
  3090 | D:3      | Acquired Okawaru's first power
  3090 | D:3      | Reached skill level 5 in Dodging
  3090 | D:3      | Reached XP level 6. HP: 26/30 MP: 12/12
  3103 | D:3      | Reached skill level 9 in Stealth
  3274 | D:3      | Found an opulent altar of Gozag.
  3274 | D:3      | Found a glowing silver altar of Zin.
  4140 | D:4      | Reached XP level 7. HP: 33/33 MP: 14/14
  4188 | D:4      | Found a sparkling altar of Nemelex Xobeh.
  4487 | D:5      | Entered Level 5 of the Dungeon
  4496 | D:5      | Reached skill level 10 in Stealth
  5280 | D:6      | Noticed Natasha
  5289 | D:6      | Killed Natasha
  5289 | D:6      | Reached skill level 11 in Stealth
  5295 | D:6      | Found a deep blue altar of Sif Muna.
  5389 | D:6      | Found a shattered altar of Ashenzari.
  5440 | D:6      | Noticed Natasha
  5457 | D:6      | Killed Natasha
  5761 | D:6      | Reached XP level 8. HP: 32/37 MP: 16/16
  5828 | D:6      | Found a staircase to the Ecumenical Temple.
  6144 | D:6      | Identified a scroll of acquirement
  6147 | D:6      | Got a transparent buckler
  6153 | D:6      | Identified the +2 buckler "Bluivub" {Str+3 Int+1} (You acquired it on level 6 of the Dungeon)
  6272 | D:6      | Reached skill level 5 in Short Blades
  6617 | D:6      | Noticed Natasha
  6621 | D:6      | Killed Natasha
  6770 | D:6      | Reached skill level 12 in Stealth
  7010 | D:7      | Found a snail-covered altar of Cheibriados.
  7016 | D:7      | Got a translucent shortbow
  7092 | D:7      | Found a flagged portal.
  7104 | Bailey   | Entered a bailey
  7117 | Bailey   | Reached skill level 10 in Dodging
  7126 | Bailey   | Noticed a deep elf priest
  7132 | Bailey   | Killed a deep elf priest
  7140 | Bailey   | Reached XP level 9. HP: 41/41 MP: 18/18
  7147 | Bailey   | Reached skill level 13 in Stealth
  7149 | Bailey   | Noticed anything's ghost (average FoAs)
  7443 | D:7      | Noticed Dowan
  7455 | D:7      | Noticed Duvessa
  7465 | D:7      | Killed Dowan
  7517 | D:7      | Killed Duvessa
  8208 | D:8      | Found a bloodstained altar of Trog.
  8256 | D:8      | Reached skill level 14 in Stealth
  8917 | D:9      | Found a staircase to the Lair.
  9033 | D:9      | Found a white marble altar of Elyvilon.
  9046 | D:9      | Found a blossoming altar of Fedhas.
  9399 | D:9      | Noticed Psyche
  9404 | D:9      | Noticed Maurice
  9426 | D:9      | Killed Psyche
  9426 | D:9      | Reached XP level 10. HP: 39/46 MP: 19/19
  9435 | D:9      | Killed Maurice
  9567 | D:9      | Noticed Eustachio
  9720 | D:9      | Killed Eustachio
  9964 | D:9      | Noticed Pikel
  9968 | D:9      | Noticed Pikel
  9968 | D:9      | Pikel changed into Pikel the dwarf
  9976 | D:9      | Killed Pikel the dwarf
 10376 | Lair:1   | Entered Level 1 of the Lair of Beasts
 10826 | Lair:1   | Noticed a five-headed hydra
 11196 | Lair:1   | Reached skill level 15 in Stealth
 11322 | Lair:1   | Acquired Okawaru's second power
 11457 | Lair:1   | Reached skill level 15 in Dodging
 11693 | Lair:1   | Noticed a five-headed hydra
 11880 | Lair:1   | Reached XP level 11. HP: 15/49 MP: 20/20
 12032 | Lair:1   | Received a gift from Okawaru
 12355 | D:10     | Entered Level 10 of the Dungeon
 12411 | D:10     | Reached skill level 16 in Stealth
 12446 | D:10     | Found a staircase to the Orcish Mines.
 12576 | D:10     | Found a roughly hewn altar of Beogh.
 12673 | D:10     | Noticed Grum
 12713 | D:10     | HP: 1/49 [white ugly thing (29)]
 13283 | D:10     | Found Briadom's Armour Shop.
 13304 | D:10     | Bought the +2 cloak of the Thief {+Fog Slay-2 SInv Stlth+} for 606 gold pieces
 13354 | D:10     | Noticed a hill giant
 13471 | D:10     | Killed a hill giant
 14001 | D:10     | Noticed Fannar
 14783 | D:11     | Noticed a hill giant
 14787 | D:11     | Killed a hill giant
 15003 | D:11     | Reached skill level 17 in Stealth
 15301 | D:11     | Received a gift from Okawaru
 15373 | D:11     | Found a bloodstained altar of Trog.
 15865 | D:11     | Noticed a hill giant
 15927 | D:11     | Killed a hill giant
 16390 | D:12     | Noticed a tengu warrior
 16700 | D:11     | Reached XP level 12. HP: 51/53 MP: 21/21
 17199 | D:12     | Reached skill level 18 in Dodging
 17535 | D:10     | Killed Grum
 18146 | Lair:2   | Received a gift from Okawaru
 18954 | Lair:3   | Noticed an eight-headed hydra
 18957 | Lair:3   | Found a hole to the Spider Nest.
 19227 | Lair:3   | Killed an eight-headed hydra
 19283 | Lair:3   | Received a gift from Okawaru
 19554 | Lair:3   | Reached skill level 10 in Short Blades
 20054 | Lair:3   | Reached skill level 19 in Stealth
 21345 | Lair:5   | Received a gift from Okawaru
 21507 | Lair:5   | Noticed a seven-headed hydra
 21570 | Lair:5   | Killed a seven-headed hydra
 22016 | Lair:5   | Reached XP level 13. HP: 57/57 MP: 22/22
 22574 | Lair:5   | Noticed a four-headed hydra
 22580 | Lair:5   | Killed a four-headed hydra
 22580 | Lair:5   | Reached skill level 20 in Stealth
 22969 | Lair:6   | Found a frozen archway.
 22997 | Lair:6   | Learned a level 1 spell: Apportation
 22999 | Lair:6   | Learned a level 1 spell: Summon Butterflies
 23001 | IceCv    | Entered an ice cave
 23514 | IceCv    | Reached skill level 21 in Stealth
 23599 | IceCv    | Learned a level 3 spell: Flight
 23800 | IceCv    | Received a gift from Okawaru
 24025 | IceCv    | Noticed a frost giant
 24053 | IceCv    | Got a fine mace
 24221 | IceCv    | Identified the +6 mace of Brien {flame, *Tele rC+ Int+1} (You found it in an ice cave)
 24862 | Lair:6   | Noticed Maud
 25009 | Lair:6   | Killed Maud
 25009 | Lair:6   | Received a gift from Okawaru
 25010 | Lair:6   | Got a heavily jewelled robe {god gift}
 25021 | Lair:6   | Identified the +1 robe of the Three Stars {god gift, MR++} (Okawaru gifted it to you on level 6 of the Lair of Beasts)
 25218 | Lair:6   | Found a staircase to the Shoals.
 26913 | Lair:8   | Entered Level 8 of the Lair of Beasts
 26997 | Lair:8   | Found a staircase to the Slime Pits.
 27034 | Lair:8   | Reached XP level 14. HP: 61/61 MP: 23/23
 27262 | Lair:8   | Reached skill level 22 in Stealth
 29347 | Lair:1   | Identified the +6 shortbow of Peace {flame, +Blink MR+ Str-2} (You found it on level 7 of the Dungeon)
 29429 | Lair:1   | Learned a level 2 spell: Repel Missiles
 29450 | Lair:1   | Learned a level 2 spell: Blink
 29453 | Lair:1   | Learned a level 2 spell: Stoneskin
 29577 | D:10     | Killed Fannar
 30110 | Orc:1    | Entered Level 1 of the Orcish Mines
 31442 | Orc:3    | Found a roughly hewn altar of Beogh.
 31794 | Orc:3    | Found an iron altar of Okawaru.
 32069 | Orc:4    | Entered Level 4 of the Orcish Mines
 32080 | Orc:4    | Found a staircase to the Elven Halls.
 33845 | Orc:4    | Found Klopeahe's Antique Armour Emporium.
 33848 | Orc:4    | Bought a thick robe for 228 gold pieces
 33858 | Orc:4    | Identified the cursed +1 robe of Mumblety Peg {+Inv rCorr Stlth+} (You bought it in a shop on level 4 of the Orcish Mines)
 34652 | Orc:4    | Found Xupsaabe's Distillery.
 34656 | Orc:4    | Found Ceyhayrr's Magic Scroll Shop.
 34656 | Orc:4    | Found Irocof's Antique Armour Boutique.
 34699 | Orc:4    | Reached skill level 1 in Evocations
 34758 | Orc:4    | Received a gift from Okawaru
 34758 | Orc:4    | Reached skill level 23 in Dodging
 34793 | Orc:4    | Found Mosustae's Book Boutique.
 34960 | Orc:4    | Bought a potion of poison for 16 gold pieces
 34960 | Orc:4    | Bought a potion of curing for 48 gold pieces
 34960 | Orc:4    | Bought a potion of might for 64 gold pieces
 34960 | Orc:4    | Bought a potion of invisibility for 128 gold pieces
 35258 | Orc:4    | Bought a scroll of identify for 28 gold pieces
 35258 | Orc:4    | Bought a scroll of identify for 28 gold pieces
 35258 | Orc:4    | Bought a scroll of identify for 28 gold pieces
 35258 | Orc:4    | Bought 3 scrolls of magic mapping for 147 gold pieces
 35258 | Orc:4    | Bought a scroll of identify for 28 gold pieces
 35258 | Orc:4    | Bought a scroll of fear for 49 gold pieces
 35258 | Orc:4    | Bought a scroll of fear for 49 gold pieces
 35258 | Orc:4    | Bought a scroll of enchant weapon for 105 gold pieces
 35261 | Orc:4    | Bought a glowing hat for 116 gold pieces
 36240 | D:12     | Received a gift from Okawaru
 36427 | D:12     | Killed a tengu warrior
 37012 | D:13     | Identified the Catalogue of Anaesthesia (You found it on level 13 of the Dungeon)
 37967 | D:13     | Received a gift from Okawaru
 38132 | D:13     | Reached XP level 15. HP: 65/65 MP: 25/28
 38569 | D:13     | Found a gate to the Vaults.
 38598 | D:13     | Reached skill level 24 in Stealth
 39225 | D:14     | Noticed Erica
 39228 | D:14     | Killed Erica
 39428 | D:14     | Found Igys' Antique Armour Shop.
 40214 | D:15     | Entered Level 15 of the Dungeon
 40218 | D:15     | Got a scintillating copper ring
 40221 | D:15     | Identified the ring of Noon {AC+1 Str-1 Int+2} (You found it on level 15 of the Dungeon)
 40256 | D:15     | Found a roughly hewn altar of Beogh.
 40434 | D:15     | Found a labyrinth entrance.
 40441 | Lab      | Entered a labyrinth
 40924 | Lab      | Got a shimmering swamp dragon armour
 40936 | Lab      | Identified the +5 swamp dragon armour of Kiomuybu {rPois rF+ rCorr Stlth+} (You acquired it in a labyrinth)
 40982 | D:15     | Reached skill level 5 in Evocations
 41103 | D:15     | Found a staircase to the Depths.
 41190 | D:15     | Got a jewelled cloak
 41208 | D:15     | Identified the cursed -3 cloak "Strulo" {Str+3 Int-3} (You found it on level 15 of the Dungeon)
 41362 | D:15     | Received a gift from Okawaru
 41651 | D:15     | Reached skill level 25 in Stealth
 42540 | Lair:1   | Killed a five-headed hydra
 42650 | Spider:1 | Entered Level 1 of the Spider Nest
 43193 | Spider:1 | Reached skill level 1 in Shields
 43460 | Spider:1 | Reached skill level 1 in Armour
 43844 | Spider:1 | Received a gift from Okawaru
 44619 | Spider:1 | Noticed Azrael
 45084 | Spider:1 | Reached XP level 16. HP: 58/69 MP: 30/30
 45800 | Spider:1 | Killed Azrael
 46096 | Spider:2 | Reached skill level 5 in Shields
 46237 | Spider:2 | Received a gift from Okawaru
 46731 | Spider:2 | Got a fine granite ring
 47381 | Spider:2 | Upgraded the game from 0.16-a0-2970-ge3807df to 0.16-a0-2984-g889390b
 48483 | Spider:4 | Noticed Nikola
 48514 | Spider:4 | Killed from afar by Nikola

Action                   |  1- 3 |  4- 6 |  7- 9 | 10-12 | 13-15 | 16-18 || total
-------------------------+-------+-------+-------+-------+-------+-------++-------
Melee: Dagger            |   121 |   185 |   566 |  1542 |  3729 |   442 ||  6585
       Unarmed           |       |       |       |     5 |       |       ||     5
       Short sword       |       |       |       |       |    36 |   242 ||   278
 Fire: Blowgun           |    10 |    32 |    33 |   149 |   175 |       ||   399
Throw: Tomahawk          |       |     4 |     2 |       |    15 |       ||    21
 Cast: Flight            |       |       |       |       |     2 |       ||     2
       Repel Missiles    |       |       |       |       |     1 |       ||     1
Invok: Heroism           |       |       |       |     6 |    20 |     2 ||    28
 Abil: Evoke Invisibilit |       |       |       |       |    10 |       ||    10
Evoke: Wand              |       |       |     3 |    14 |    31 |     1 ||    49
  Use: Scroll            |     1 |     9 |    17 |     7 |    27 |     3 ||    64
       Potion            |       |     1 |     6 |     2 |    16 |     2 ||    27
 Stab: Sleeping          |     7 |    13 |    28 |    76 |   151 |    35 ||   310
       Distracted        |     2 |     2 |     8 |    12 |    38 |     3 ||    65
       Invisible         |       |       |       |     2 |    21 |       ||    23
       Paralysed         |       |       |       |       |     1 |       ||     1
  Eat: Bread ration      |       |       |     1 |       |     3 |       ||     4
       Fruit             |       |       |       |    10 |    16 |       ||    26
       Pizza             |       |       |       |     3 |     3 |       ||     6
       Royal jelly       |       |       |       |       |     2 |       ||     2
